Cogmind - Beta 11 X7 --- EXPLORER MODE // 2021.10.09 @ 01:16:54 // Winter2019/RPGLIKE Player: jfk Result: Destroyed by as-54088 with Assembled Heavy Rifle Performance ------------- Evolutions (1) 500 Regions Visited (4) 800 Robots Destroyed (15) 75 Value Destroyed (257) 257 Prototype IDs (0) 0 Alien Tech Used (0) 0 Bonus (200) 200 TOTAL SCORE: 1832 Bonus ------- Pacifist 200 Cogmind --------- Core Integrity 0/600 Matter 300/300 Energy 32/100 System Corruption 0% Temperature Cool (0) Movement Core (50) Location -9/Mines Parts ------- > --- POWER (1) -------- (None) > --- PROPULSION (1) --- (None) > --- UTILITY (1) ------ (None) > --- WEAPON (1) ------- (None) > --- INVENTORY (0) ---- (None) Peak State ------------ > --- POWER ------------ (None) > --- PROPULSION ------- Flight Unit > --- UTILITY ---------- Shield Generator > --- WEAPON ----------- Maul > --- INVENTORY -------- (None) [Rating: 5] Favorites ----------- Power Light Ion Engine Engine Light Ion Engine Propulsion Flight Unit Flight Unit Flight Unit Utility Shield Generator Device Shield Generator Weapon Maul Impact Weapon Maul Build | -11 -10 -10 -9 -9 ------- Run | Scr Mat Min Mat Min Slots Evolved . | . . . . . Power . | . . . . . Propulsion . | . . . . . Utility . | . . . . . Weapon . | . . . . . Parts Attached 5 | . . 1 3 1 Power 1 | . . 1 . . Engine 1 | . . 1 . . Core . | . . . . . Reactor . | . . . . . Propulsion 1 | . . . . 1 Treads . | . . . . . Leg . | . . . . . Wheel . | . . . . . Hover . | . . . . . Flight 1 | . . . . 1 Utility 1 | . . . 1 . Device 1 | . . . 1 . Storage . | . . . . . Processor . | . . . . . Hackware . | . . . . . Protection . | . . . . . Artifact . | . . . . . Weapon 2 | . . . 2 . Energy Gun . | . . . . . Energy Cannon . | . . . . . Ballistic Gun . | . . . . . Ballistic Cannon . | . . . . . Launcher . | . . . . . Special Weapon . | . . . . . Impact Weapon 2 | . . . 2 . Slashing Weapon . | . . . . . Piercing Weapon . | . . . . . Special Melee Weapon . | . . . . . Unidentified Prototypes . | . . . . . Parts Lost 1 | . . . . 1 Power . | . . . . . Propulsion . | . . . . . Utility 1 | . . . . 1 Weapon . | . . . . . Highest Loss Streak 1 | . . . . 1 Average Slot Usage (%) 26 | . . 7 30 42 Engine 5 | . . 7 11 . Device 9 | . . . 2 25 Impact Weapon 11 | . . . 16 15 Naked Turns 142 | . 59 73 1 9 Heaviest Build 6 | . . 3 6 5 Greatest Support 3 | 3 3 3 3 3 Greatest Overweight (x) 1 | . . . 1 1 Average Overweight (x) . | . . . . . Largest Inventory Capacity . | . . . . . Average Capacity . | . . . . . Most Carried . | . . . . . Average Carried . | . . . . . Final Capacity . | . . . . . Final Carried . | . . . . . Class Distribution -------------------- 100% | Hacker-Mutant Dominant Class ---------------- Hacker-Mutant | -10/Materials Hacker-Mutant | -10/Mines Hacker-Mutant | -9/Materials Hacker-Mutant | -9/Mines Resources | -11 -10 -10 -9 -9 ----------- Run | Scr Mat Min Mat Min Matter Collected 250 | 200 . . 30 20 Remotely . | . . . . . Salvage Created 599 | . . . 379 220 Parts 22 | . . . 19 3 Haulers Intercepted . | . . . . . Recyclers Shooed 2 | . . . 1 1 Parts Field Recycled . | . . . . . Retrieved Matter . | . . . . . Parts Self-Destructed . | . . . . . Prevented . | . . . . . Kills | -11 -10 -10 -9 -9 ------- Run | Scr Mat Min Mat Min Combat Hostiles Destroyed 9 | . . . 6 3 Melee 6 | . . . 4 2 Classes Destroyed 6 | . . . 6 . Worker 2 | . . . 1 1 Recycler 4 | . . . 2 2 Swarmer 5 | . . . 2 3 Grunt 1 | . . . 1 . Duelist 1 | . . . 1 . Sentry 2 | . . . 2 . Best Kill Streak 6 | . . . 6 6 Combat Bots Only 4 | . . . 4 3 Max Kills in Single Turn 1 | . . . 1 1 Gunslinging . | . . . . . Exploded . | . . . . . Melee 1 | . . . 1 1 Uniques/NPCs Destroyed . | . . . . . Combat | -11 -10 -10 -9 -9 -------- Run | Scr Mat Min Mat Min Damage Taken 817 | . 59 42 379 337 Core 763 | . 59 39 359 306 Absorbed by Shields 100 | . . . . 100 Redirected to Core 155 | . . 10 62 83 Core Remaining (%) 91 | 100 . 83 . . Volleys Fired . | . . . . . Largest . | . . . . . Hottest . | . . . . . Shots Fired . | . . . . . Gun . | . . . . . Cannon . | . . . . . Launcher . | . . . . . Special . | . . . . . Kinetic . | . . . . . Thermal . | . . . . . Explosive . | . . . . . Electromagnetic . | . . . . . Robot Hit Streak . | . . . . . Robot Miss Streak . | . . . . . Penetration Max . | . . . . . Secondary Targets . | . . . . . Shots Hit Robots 29 | . . . 18 11 Core Hits 7 | . . . 5 2 Critical Kills . | . . . . . Critical Parts Destroyed 1 | . . . . 1 Critical Strikes 1 | . . . . 1 Smash 1 | . . . . 1 Melee Attacks 29 | . . . 18 11 Impact 29 | . . . 18 11 Slashing . | . . . . . Piercing . | . . . . . Sneak Attacks 4 | . . . 2 2 Combat Hostiles . | . . . . . Follow-up Attacks . | . . . . . Damage Inflicted 965 | . . 16 545 404 Guns . | . . . . . Cannons . | . . . . . Explosions . | . . . . . Melee 944 | . . . 540 404 Ramming 21 | . . 16 5 . Kinetic . | . . . . . Thermal . | . . . . . Explosive . | . . . . . Electromagnetic . | . . . . . Impact 944 | . . . 540 404 Slashing . | . . . . . Piercing . | . . . . . Highest Corruption . | . . . . . Average Corruption . | . . . . . Corruption Purged . | . . . . . Overload Shots . | . . . . . Overflow Damage 233 | . . . 65 168 Projectiles . | . . . . . Explosions . | . . . . . Melee 233 | . . . 65 168 Knockbacks 5 | . . . 3 2 Impact 5 | . . . 3 2 Kinetic . | . . . . . Secondary . | . . . . . Self-Inflicted Damage 10 | . . 8 2 . Shots . | . . . . . Rammed 3 | . . 1 2 . Targets Rammed 3 | . . 1 2 . Kicked . | . . . . . Crushed . | . . . . . Highest Temperature 3 | . . . 3 . Average Temperature 3 | . . . 3 . Received Heat Transfer 226 | . 6 . 174 46 Siege Activations . | . . . . . Robots Corrupted . | . . . . . Combat Hostiles . | . . . . . Parts Fried 8 | . . . 5 3 Impact Corruptions 12 | . . . 5 7 Robots Melted . | . . . . . Combat Hostiles . | . . . . . Parts Melted . | . . . . . Heat Transferred . | . . . . . Parts Sabotaged . | . . . . . Parts Stolen . | . . . . . Parts Stripped . | . . . . . Power Chain Reactions . | . . . . . Missiles Intercepted . | . . . . . Alert | -11 -10 -10 -9 -9 ------- Run | Scr Mat Min Mat Min Peak Influence 290 | . 15 4 290 179 Initial 79 | . . 4 1 79 Average 106 | . 6 4 146 153 Maximum Alert Level 1 | . . . 1 . Low Security (%) 83 | 100 100 100 53 100 Level 1 16 | . . . 46 . Level 2 . | . . . . . Level 3 . | . . . . . Level 4 . | . . . . . Level 5 . | . . . . . High Security . | . . . . . Max Security . | . . . . . Squads Dispatched 1 | . 1 . . . Investigation 1 | . 1 . . . Extermination . | . . . . . Reinforcement . | . . . . . Assault . | . . . . . Garrison . | . . . . . Intercept . | . . . . . Construction Impeded . | . . . . . Haulers Reinforced . | . . . . . Active Scanning Responses . | . . . . . Cargo Convoy Interrupts . | . . . . . Stealth | -11 -10 -10 -9 -9 --------- Run | Scr Mat Min Mat Min Distress Signals 1 | . . . . 1 Communications Jammed . | . . . . . Distress Signals . | . . . . . Times Spotted 44 | . 3 2 14 25 Peak Tracking Total 10 | . 3 2 5 10 Tactical Retreats 5 | . . . 2 3 Traps | -11 -10 -10 -9 -9 ------- Run | Scr Mat Min Mat Min Traps Triggered 1 | . 1 . . . Indirectly . | . . . . . Trap Hack Attempts . | . . . . . Triggered . | . . . . . Disarmed . | . . . . . Reprogrammed . | . . . . . Reused . | . . . . . Traps Extracted . | . . . . . Installed . | . . . . . Triggered . | . . . . . Machines | -11 -10 -10 -9 -9 ---------- Run | Scr Mat Min Mat Min Machines Disabled 1 | . . . 1 . Max in Single Turn 1 | . . . 1 . Machines Sabotaged . | . . . . . Garrisons Compromised . | . . . . . Overloaded Fab Kills . | . . . . . Fab Network Shutdowns . | . . . . . Hacking | -11 -10 -10 -9 -9 --------- Run | Scr Mat Min Mat Min Machines Accessed 3 | . 2 . 1 . Terminals 3 | . 2 . 1 . Fabricators . | . . . . . Repair Stations . | . . . . . Recycling Units . | . . . . . Scanalyzers . | . . . . . Garrison Access . | . . . . . Total Hacks 8 | . 5 . 3 . Successful 2 | . 1 . 1 . Failed 6 | . 4 . 2 . Catastrophic . | . . . . . Database Lockouts . | . . . . . Manual 8 | . 5 . 3 . Terminals 8 | . 5 . 3 . Fabricators . | . . . . . Repair Stations . | . . . . . Recycling Units . | . . . . . Scanalyzers . | . . . . . Garrison Access . | . . . . . Terminal Hacks 2 | . 1 . 1 . Level Access Points 1 | . 1 . . . Branch Access Points 1 | . . . 1 . Fabricator Hacks . | . . . . . Repair Station Hacks . | . . . . . Recycling Unit Hacks . | . . . . . Scanalyzer . | . . . . . Garrison Access Hacks . | . . . . . Unauthorized Hacks . | . . . . . Terminals . | . . . . . Fabricators . | . . . . . Repair Stations . | . . . . . Recycling Units . | . . . . . Scanalyzers . | . . . . . Garrison Access . | . . . . . Data Cores Recovered . | . . . . . Used . | . . . . . Hacking Detections 3 | . 2 . 1 . Full Trace Events 1 | . 1 . . . Feedback Events . | . . . . . Feedback Blocked . | . . . . . Robot Schematics Acquired . | . . . . . Robots Built . | . . . . . Matter . | . . . . . Time . | . . . . . Total Robot Build Rating . | . . . . . Part Schematics Acquired . | . . . . . Parts Built . | . . . . . Matter . | . . . . . Time . | . . . . . Total Part Build Rating . | . . . . . Parts Repaired . | . . . . . Time . | . . . . . Parts Recycled . | . . . . . Recycled Matter . | . . . . . Retrieved Matter . | . . . . . Retrieved Components . | . . . . . Parts Scanalyzed . | . . . . . Part Schematics Acquired . | . . . . . Parts Damaged . | . . . . . Bothacking | -11 -10 -10 -9 -9 ------------ Run | Scr Mat Min Mat Min Used RIF Installer . | . . . . . Robots Hacked . | . . . . . Non-combat . | . . . . . Combat . | . . . . . Robot Hacks Applied . | . . . . . Relay Couplers Released . | . . . . . Robots Rewired . | . . . . . Allies Hacked . | . . . . . Hacks Repelled . | . . . . . Allies | -11 -10 -10 -9 -9 -------- Run | Scr Mat Min Mat Min Total Allies . | . . . . . Largest Group . | . . . . . Highest-Rated Group . | . . . . . Highest-Rated Ally . | . . . . . Total Orders . | . . . . . Ally Attacks . | . . . . . Total Damage . | . . . . . Kills . | . . . . . Allies Corrupted . | . . . . . Allies Melted . | . . . . . Intel | -11 -10 -10 -9 -9 ------- Run | Scr Mat Min Mat Min Robot Analysis Total . | . . . . . Derelict Logs Recovered . | . . . . . Drone Launches . | . . . . . Drone Recoveries . | . . . . . Exploration | -11 -10 -10 -9 -9 ------------- Run | Scr Mat Min Mat Min Turns Passed 568 | 15 59 95 203 196 Spaces Moved 795 | 30 118 185 235 227 Core 795 | 30 118 185 235 227 Treads . | . . . . . Legs . | . . . . . Wheels . | . . . . . Hover . | . . . . . Flight . | . . . . . Fastest Speed 50 | 50 50 50 50 50 Average Speed 56 | 50 50 50 56 66 Slowest Speed 100 | 50 50 50 100 100 Overloaded Moves . | . . . . . Propulsion Burnouts . | . . . . . Robots Hopped . | . . . . . Cave-ins Triggered . | . . . . . Exploration Rate (%) 34 | 3 26 63 32 50 Regions Visited 4 Branch Regions 2 Pre-discovered Areas . | . . . . . Known Exits Taken 4 | 1 1 1 1 . Unknown Exits Taken . | . . . . . Scrap Searched . | . . . . . Spaces Dug . | . . . . . Terrain Destroyed . | . . . . . Melee . | . . . . . Projectile . | . . . . . AOE . | . . . . . Terrain Rammed . | . . . . . Walls Destroyed . | . . . . . Machines Disabled . | . . . . . Actions | -11 -10 -10 -9 -9 --------- Run | Scr Mat Min Mat Min Total 850 | 29 117 186 269 249 Wait 12 | . . . 6 6 Move 791 | 29 117 184 234 227 Hop . | . . . . . Pick Up . | . . . . . Fast Attach 5 | . . 1 3 1 Attach . | . . . . . Detach . | . . . . . Swap . | . . . . . Drop 3 | . . . 2 1 Fire . | . . . . . Melee 29 | . . . 18 11 Ram 3 | . . 1 2 . Kick . | . . . . . Crush . | . . . . . Escape Stasis . | . . . . . Rewire . | . . . . . Trap . | . . . . . Miscellaneous 7 | . . . 4 3 Route ------- -11/Scrapyard -10/Materials (discovered 4 exits: Mat x3 / *Min) -10/Mines (discovered 2 exits: *Mat x2) -9/Materials -9/Mines (discovered 1 exit: *Mat) History --------- Turn | Location | Event 10 | -11/Scrapyard | Identified exit to Materials 10 | -11/Scrapyard | Discovered exit to Materials (range 13) 16 | -11/Scrapyard | Entered Materials 33 | -10/Materials | Identified exit to Materials 71 | -10/Materials | Identified exit to Mines 71 | -10/Materials | Discovered exit to Mines (range 9) 75 | -10/Materials | Entered Mines 153 | -10/Mines | Discovered exit to Materials (range 6) 164 | -10/Mines | Discovered exit to Materials (range 7) 170 | -10/Mines | Entered Materials 172 | -9/Materials | Reached level 2 172 | -9/Materials | Reached level 3 259 | -9/Materials | Identified exit to Mines 271 | -9/Materials | Reached level 4 276 | -9/Materials | Core integrity fell below 50% 302 | -9/Materials | Build established: Hacker-Mutant 373 | -9/Materials | Entered Mines 387 | -9/Mines | Identified exit to Materials 387 | -9/Mines | Discovered exit to Materials (range 9) 402 | -9/Mines | Reached level 5 436 | -9/Mines | Assembled infested the area 440 | -9/Mines | Found a damaged Exp. Sensor Array with a note attached 441 | -9/Mines | Assisted by a Guerilla fighting off Assembled 555 | -9/Mines | Core integrity fell below 20% 569 | -9/Mines | Destroyed by as-54088 with Assembled Heavy Rifle Last Messages --------------- 00469_ as-19201 sneak attacks. 00471_ K-01 Serf destroyed. 00472_ R-06 Scavenger collects Med. Matter Pod. 00474_ as-87085 sneak attacks. 00474_ R-06 Scavenger destroyed. 00484_ as-19201 knocked back. 00492_ Maul severed. 00500_ T-07 Excavator destroyed. 00506_ K-01 Serf collects debris. 00511_ Acquired 10 matter. 00512_ U-05 Engineer builds a Wall. 00514_ K-01 Serf collects debris. 00517_ U-05 Engineer builds a Wall. 00517_ K-01 Serf collects debris. 00520_ The unstable cave ceiling collapses. 00520_ Wheel crushed. 00520_ as-87085 sneak attacks. 00522_ The unstable cave ceiling collapses. 00522_ 82 Matter crushed. 00560_ Shield Generator destroyed. Map ----- +----------------------------------------------------+ | ???????????????????????????????????????? | | ?#?????????????????????????????????????? | | ??????????????????????????????????????? | | #??????????????????????????????????????? | | #??????????????????????????????????????? | | ???????????????????????????????????????? | | ???????????????????????????????????????? | | ???????????????????????????????????????? | | ???????????????????????????????????????? | | ???????????????????????????????????????? | | #####??????????????????????????????????? | | #??????????????????????????????????? | | """ #??????????????????????????????????? | | """ #?????????####?????????????????????? | | """ #????????# ???????????????????? | | #???????? ???????????????????? | | """ #???????? ???????????????????? | | """ #???????# ????????????????????? | | """ #?????## ???????????????? ##??? | | #?????# ???????????????? #??? | | #####????## ???????????????? #??? | | ?????????# %!???????####???? #??? | | ????????## ???????## ##??t ##?? | | ???????## #????#### ## ??? | | ??????## ###### #???????? | | ?????## a @ #????????? | | ????## a #????????? | | ???## ##### #????????? | | #### ##???## #### #???????? | | ##?????####??## ?????? | | ###?????????????? ???? | | ##????????????????# ##??? | | ##??????????????????# #???? | | #????????????????????# #???? | | # #????????????????????? ##???? | | ## #?????????????????????? ##????? | | ?# ##?????????????????????? ##?????? | | ?# ###????????????????????????##??????? | | ?####??????????????????????????????????? | | ???????????????????????????????????????? | | ???????????????????????????????????????? | | | | | | | | | | | | | | | | | | | +----------------------------------------------------+ Best States ------------- Heat Dissipation 25 Energy Generation 10 Energy Capacity 125 Matter Stores 300 Matter Capacity 300 Sight Range 16 Terrain Scan Density 10 Resistance: KI 35 Resistance: TH 35 Resistance: EX 35 Resistance: EM 35 Resistance: I 35 Resistance: S 35 Resistance: P 35 Evasion (%) 50 Offensive Hacking 20 Item Schematics ----------------- None Robot Schematics ------------------ None Fabricated ------------ Nothing Alien Tech Used ----------------- None Achievements -------------- None Challenges ------------ None RPGLIKE | -11 -10 -10 -9 -9 --------- Run | Scr Mat Min Mat Min Levels Raised 4 | . . . 3 1 XP Earned 12003 | 6000 . 600 4553 850 Upgrades . | . . . . . Protomatter Created 64 | . . . 45 19 Integrity Restored 153 | . . . 96 57 Core 153 | . . . 96 57 Protomatter Decayed 109 | . . . 13 96 Game ------ Seed TiamatAnalysisSlayer Manual? 0 Play Time 00:11:32 Cumulative 320.7 hours Start 2021.10.09 @ 01:08:09 End 2021.10.09 @ 01:16:54 Sessions 1 Manual Loads 0 Difficulty Explorer Special Mode Winter2019/RPGLIKE Game No. 90 Rogue 0 Adventurer 0 Explorer 90 Win Type - Total 26 Types 15/3/1/1/1/2/1/2/0 Lore% 72 Gallery% 86 Achievement% 81 Wizard Run 0 Options --------- ASCII 1 Keyboard 0 Movement Arrows Keybinds 0 Fullscreen 2 Font 18/SmallcapsGlow Map View 76x50 Tactical HUD 1 Map Filters NONE Filters NONE Steam 1 RUN: 950ed089-d5d5-43f2-b1f0-53c696a44dca